 Dungeon Crawl Stone Soup version 0.23.2-1-ga50397a (webtiles) character file.

Game seed: 4263097352858662213

298 Waddlesthepig the Cudgeler (level 6, -2/53 HPs)
             Began as a Minotaur Berserker on Apr 18, 2019.
             Was a Priest of Trog.
             Killed by divine providence
             ... invoked by an orc priest
              (10 damage)
             ... on level 4 of the Dungeon.
             The game lasted 00:26:40 (1857 turns).

Waddlesthepig the Cudgeler (Minotaur Berserker)     Turns: 1857, Time: 00:26:43

Health: -2/53      AC:  8    Str: 24    XL:     6   Next: 13%
Magic:  5/5        EV:  9    Int:  4    God:    Trog [***...]
Gold:   104        SH:  9    Dex: 12    Spells: 5/5 levels left

rFire    . . .     SeeInvis .   a - +0 mace
rCold    . . .     Gourm    .   b - +0 shield
rNeg     . . .     Faith    .   k - +0 ring mail
rPois    .         Spirit   .   (helmet restricted)
rElec    .         Reflect  .   (no cloak)
rCorr    .         Harm     +   (no gloves)
MR       .....                  (no boots)
Stlth    +.........             i - amulet of harm
HPRegen  0.17/turn              p - +3 ring of protection
MPRegen  0.09/turn              r - +3 ring of dexterity

@: lightly drained
A: retaliatory headbutt, horns 2
a: Berserk, Trog's Hand, Renounce Religion


You were on level 4 of the Dungeon.
You worshipped Trog.
Trog was most pleased with you.
You were not hungry.

You visited 1 branch of the dungeon, and saw 4 of its levels.

You collected 104 gold pieces.

Inventory:

Hand Weapons
 a - a +0 mace (weapon)
 e - a +0 hunting sling
Missiles
 m - 165 stones (quivered)
Armour
 b - a +0 shield (worn)
 h - a +1 animal skin
 k - a +0 ring mail (worn)
Jewellery
 d - a +3 amulet of reflection
 i - an amulet of harm (around neck)
 p - a +3 ring of protection (left hand)
 r - a +3 ring of dexterity (right hand)
Wands
 u - a wand of flame (11)
 v - a wand of iceblast (8)
Scrolls
 j - 2 scrolls of remove curse
 q - 2 scrolls of teleportation {unknown}
 s - 3 scrolls of identify {unknown}
Potions
 f - a potion of invisibility
 g - a potion of brilliance {unknown}
 l - a potion of magic {unknown}
 o - a potion of curing {unknown}
 t - a potion of agility {unknown}
Comestibles
 c - a ration


   Skills:
 + Level 4.4(4.2) Fighting
 + Level 5.5(5.3) Maces & Flails
 + Level 1.0(0.8) Slings
 + Level 3.8(3.5) Armour
 + Level 2.9(2.7) Dodging
 + Level 1.0(0.8) Stealth
 + Level 3.0(2.8) Shields


You had 5 spell levels left.
You didn't know any spells.
Your spell library was empty.

Dungeon Overview and Level Annotations

Branches:
Dungeon (4/15)
 Temple: D:4-7

Altars:
Nemelex Xobeh
Yredelemnul


Innate Abilities, Weirdness & Mutations

You reflexively headbutt those who attack you in melee.
You have a pair of horns on your head.


Message History

The worm bites you.
* * * LOW HITPOINT WARNING * * *
You hit the worm.
The worm is almost dead.
The centaur barely misses you.
The centaur hits you but does no damage.
Your shield prevents you from hitting the worm.
The worm is almost dead.
You block the centaur's attack. The worm closely misses you.
You furiously retaliate!
You headbutt the worm!
You kill the worm!
Trog accepts your kill.
The centaur hits you but does no damage.
You thump the orc priest!
The orc priest is almost dead.
The centaur hits you.
* * * LOW HITPOINT WARNING * * *
The orc priest calls down the wrath of Beogh upon you.
Beogh smites you!
You die...

...... #.# ......##.#
.......#.# .......#.#
.......#.# ##### (......#.#
#...#
.......).######.#.##########
........)(o@(...#........)..
.........#c###############.#
######.#>#.# #.# #.$...# #..
####### ### #. ##


You could see a centaur and an orc priest.

Vanquished Creatures
  A black bear (D:3)
  An orc wizard (D:4)
  Robin (D:2)
  3 gnolls (D:2)
  6 adders
  A worm (D:4)
  A dart slug (D:2)
  13 orcs
  4 bats
  3 giant cockroaches
  11 goblins
  11 hobgoblins
  3 jackals (D:3)
  A quokka (D:3)
  A frilled lizard (D:2)
  3 kobolds
  7 rats
  A spectral orc (D:3)
72 creatures vanquished.

Notes
Turn   | Place    | Note
-------+----------+-------------------------------------------
     0 | D:1      | Waddlesthepig the Minotaur Berserker began the quest for
                  | the Orb.
     0 | D:1      | Reached XP level 1. HP: 19/19 MP: 0/0
   297 | D:1      | Reached XP level 2. HP: 27/27 MP: 1/1
   382 | D:2      | Reached skill level 4 in Maces & Flails
   626 | D:2      | Reached XP level 3. HP: 25/33 MP: 2/2
   639 | D:2      | Noticed Robin
   643 | D:2      | Reached ** piety under Trog
   677 | D:2      | Killed Robin
   825 | D:2      | Reached skill level 1 in Shields
   825 | D:2      | Reached XP level 4. HP: 24/40 MP: 3/3
  1013 | D:3      | Noticed a black bear
  1036 | D:3      | Killed a black bear
  1036 | D:3      | Reached skill level 5 in Maces & Flails
  1036 | D:3      | Reached skill level 1 in Slings
  1036 | D:3      | Reached XP level 5. HP: 38/47 MP: 4/4
  1231 | D:3      | Reached *** piety under Trog
  1231 | D:3      | Reached skill level 1 in Stealth
  1241 | D:3      | Found a sparkling altar of Nemelex Xobeh.
  1397 | D:3      | Found a basalt altar of Yredelemnul.
  1833 | D:4      | Reached XP level 6. HP: 52/53 MP: 5/5
  1857 | D:4      | Killed from afar by an orc priest

Skill      XL: |  1  2  3  4  5 |
---------------+----------------+-----
Maces & Flails | 4 5 |  5.5
Fighting       | 4 |  4.4
Armour         | 3 |  3.8
Shields        | 1 2 3 |  3.0
Slings         | 1 |  1.0
Stealth        | 1 |  1.0
Dodging        | |  2.9

Action                   |  1- 3 |  4- 6 || total
-------------------------+-------+-------++-------
Melee: Mace              |    66 |    77 ||   143
       Headbutt          |    12 |    12 ||    24
 Fire: Hunting sling     |     8 |     9 ||    17
Throw: Stone             |       |     3 ||     3
Invok: Berserk           |     1 |       ||     1
       Trog's Hand       |     1 |       ||     1
  Use: Potion            |     1 |       ||     1
       Scroll            |     2 |       ||     2
  Eat: Ration            |       |     2 ||     2
Armor: Animal skin       |     1 |       ||     1
       Plate armour      |    12 |       ||    12
       Ring mail         |    14 |    39 ||    53
Dodge: Dodged            |    35 |    41 ||    76
Block: Shield            |    37 |    46 ||    83
